 Dungeon Crawl Stone Soup version 0.21-a0-536-gdbbf329 (webtiles) character file.

26222 Amnesiac the Archer (level 12, -2/75 HPs)
             Began as a Deep Elf Arcane Marksman on Dec 14, 2017.
             Was the Champion of Okawaru.
             Shot with a bolt by a yaktaur (23 damage)
             ... on level 13 of the Dungeon.
             The game lasted 01:07:10 (22256 turns).

Amnesiac the Archer (Deep Elf Arcane Marksman)     Turns: 22256, Time: 01:07:11

Health: -2/75      AC: 23    Str: 11    XL:     12   Next: 96%
Magic:  15/23      EV: 15    Int: 24    God:    Okawaru [******]
Gold:   613        SH:  0    Dex: 19    Spells: 6/23 levels left

rFire    + . .     SeeInvis .   z - +11 shortbow "Huro" {flame, rPois Int+4 Dex+4}
rCold    + . .     Gourm    .   (shield currently unavailable)
rNeg     . . .     Faith    +   m - +2 scale mail {rF+}
rPois    +         Spirit   .   Y - +2 helmet of a volcano {+Blink}
rElec    .         Reflect  .   d - +2 cloak {rC+}
rCorr    .         Harm     .   p - +0 pair of gloves
MR       ++...                  c - +2 pair of boots {run}
Stlth    ..........             R - amulet of faith
HPRegen  0.22/turn              o - ring of protection from magic
MPRegen  0.18/turn              I - ring of wizardry

@: quick
A: hooves 1, thin metallic scales 1, sturdy frame 1
a: Heroism, Finesse, Renounce Religion, Evoke Blink


You were on level 13 of the Dungeon.
You worshipped Okawaru.
Okawaru was exalted by your worship.
You were not hungry.

You visited 2 branches of the dungeon, and saw 14 of its levels.
You also visited: Ice Cave.

You collected 875 gold pieces.
You spent 262 gold pieces at shops.

Inventory:

Hand Weapons
 a - a +5 longbow of velocity
 b - a +1 dagger of venom
 e - a +1 scimitar of flaming
 t - a +0 blowgun
 z - the +11 shortbow "Huro" (weapon) {flame, rPois Int+4 Dex+4}
   (Okawaru gifted it to you on level 12 of the Dungeon)

   It causes projectiles fired from it to burn those they strike, causing extra
   injury to most foes and up to half again as much damage against particularly
   susceptible opponents.
   It affects your intelligence (+4).
   It affects your dexterity (+4).
   It protects you from poison.
 B - a +0 dagger of draining
Missiles
 r - 46 poisoned needles
 y - 98 arrows (quivered)
 E - 104 sling bullets
 X - 2 throwing nets
Armour
 c - a +2 pair of boots of running (worn)
 d - a +2 cloak of cold resistance (worn)
 m - a +2 scale mail of fire resistance (worn)
 p - a +0 pair of gloves (worn)
 Y - the +2 helmet of a volcano (worn) {+Blink}
   (Okawaru gifted it to you on level 9 of the Dungeon)

   It lets you blink.
Jewellery
 i - an uncursed ring of poison resistance
 n - an uncursed ring of protection from cold
 o - a ring of protection from magic (left hand)
 A - an uncursed ring of resist corrosion
 C - an uncursed ring of fire
 I - a ring of wizardry (right hand)
 R - an amulet of faith (around neck)
Wands
 j - a wand of random effects (20)
 D - a wand of iceblast (7)
 G - a wand of digging (24)
 J - a wand of flame (48)
 O - a wand of disintegration (10)
 Q - a wand of polymorph (10)
Scrolls
 k - 5 scrolls of remove curse {!r}
 l - 2 scrolls of amnesia {!r}
 w - 3 scrolls of magic mapping {!r}
 F - a scroll of enchant armour {!r}
 H - a scroll of blinking {!r}
 M - 3 scrolls of teleportation {!r}
Potions
 q - 2 potions of might {!q}
 s - 2 potions of flight {!q}
 u - a potion of mutation {!q}
 x - 2 potions of resistance {!q}
 P - a potion of cancellation {!q}
Books
 K - a Young Poisoner's Handbook

   Spells                             Type                      Level
   a - Sting                          Conjuration/Poison           1
   b - Poisonous Vapours              Poison/Air                   2
   c - Mephitic Cloud                 Conjuration/Poison/Air       3
   d - Olgreb's Toxic Radiance        Poison                       4
   e - Venom Bolt                     Conjuration/Poison           5
Miscellaneous
 U - a lamp of fire
Comestibles
 f - 7 bread rations
 g - 7 meat rations
 h - 4 chunks of flesh
 v - 2 fruits


   Skills:
 * Level 8.8 Fighting
 * Level 12.5 Bows
 * Level 8.7 Armour
 + Level 8.6 Dodging
 - Level 6.0 Spellcasting
 - Level 10.0 Hexes
 + Level 6.2 Invocations


You had 6 spell levels left.
You knew the following spells:

 Your Spells              Type           Power        Failure   Level  Hunger
a - Corona                Hex            ######.      1%          1    None
b - Cause Fear            Hex            ######....   1%          4    ###....
c - Portal Projectile     Hex/Tloc       ####..       3%          3    #......
d - Fulminant Prism       Conj/Hex       ####......   11%         4    ###....
e - Slow                  Hex            ######..     1%          2    None
f - Inner Flame           Hex/Fire       ####....     3%          3    #......


Dungeon Overview and Level Annotations

Branches:
Dungeon (13/15)            Temple (1/1) D:4            Lair (0/6) D:10
    Orc (0/2) D:9
 Vaults: D:13-14

Altars:
Ashenzari
Cheibriados
Dithmenos
Elyvilon
Fedhas
Gozag
Hepliaklqana
Kikubaaqudgha
Makhleb
Nemelex Xobeh
Okawaru
Qazlal
Ru
Sif Muna
Trog
Uskayaw
Vehumet
Wu Jian
Xom
Yredelemnul
Zin
The Shining One

Shops:
D:8 (   D:9 (   D:11 [


Innate Abilities, Weirdness & Mutations

You have large cloven feet.
You are partially covered in thin metallic scales. (AC +2)
Your movements are slightly less encumbered by armour. (ER -2)


Message History

y - 104 arrows (gained 5)
Things that are here:
a glaive; a leather armour
There is a stone staircase leading down here.
You start resting.
Magic restored.
You start resting.
HP restored.
You start resting.
HP restored.
You climb downwards.
There is a stone staircase leading up, spattered with blood here.
You see here 3 bolts.
Firing (i - inventory. (,) - cycle):
y - 104 arrows (quivered)
Press: ? - help, Shift-Dir - straight line, f - yaktaur
Aim: a yaktaur, wielding an arbalest You shoot an arrow.
The arrow barely misses the yaktaur.
The yaktaur shoots a bolt.
The bolt hits you!
Firing (i - inventory. (,) - cycle):
y - 103 arrows (quivered)
Press: ? - help, Shift-Dir - straight line, f/p - yaktaur
Aim: a yaktaur, wielding an arbalest You shoot an arrow.
The arrow hits the yaktaur.
The arrow burns the yaktaur.
The yaktaur is lightly wounded.
Firing (i - inventory. (,) - cycle):
y - 102 arrows (quivered)
Press: ? - help, Shift-Dir - straight line, f/p - yaktaur
Aim: a yaktaur, wielding an arbalest (lightly wounded)
You shoot an arrow. The arrow hits the yaktaur!
The arrow burns the yaktaur.
The yaktaur is heavily wounded.
The yaktaur shoots a bolt.
The bolt barely misses you.
A yaktaur comes into view.
Firing (i - inventory. (,) - cycle):
y - 101 arrows (quivered)
Press: ? - help, Shift-Dir - straight line, f/p - yaktaur
Aim: a yaktaur, wielding an arbalest (heavily wounded)
You shoot an arrow. The arrow hits the yaktaur!
The arrow burns the yaktaur.
The yaktaur is almost dead.
Firing (i - inventory. (,) - cycle):
y - 100 arrows (quivered)
Press: ? - help, Shift-Dir - straight line, f/p - yaktaur
Aim: a yaktaur, wielding an arbalest (almost dead)
You shoot an arrow. The arrow hits the yaktaur!
The arrow burns the yaktaur.
You kill the yaktaur!
Okawaru accepts your kill.
The yaktaur wields an arbalest.
The yaktaur shoots a bolt.
The bolt hits you!
A yaktaur comes into view.
Firing (i - inventory. (,) - cycle):
y - 99 arrows (quivered)
Press: ? - help, Shift-Dir - straight line, f - yaktaur
Aim: a yaktaur You shoot an arrow.
The arrow hits the yaktaur.
The arrow burns the yaktaur.
The yaktaur is lightly wounded.
The yaktaur wields an arbalest.
The yaktaur shoots a bolt.
The bolt hits you!!
* * * LOW HITPOINT WARNING * * *
Casting: Fulminant Prism
Confirm with . or Enter, or press ? or * to list all spells.
The yaktaur resists with some effort. x2; The yaktaur shoots a bolt.
The bolt hits you!
* * * LOW HITPOINT WARNING * * *
Casting: Cause Fear
Confirm with . or Enter, or press ? or * to list all spells.
The yaktaur easily resists.
The yaktaur looks frightened!
The yaktaur shoots a bolt.
The bolt hits you.
* * * LOW HITPOINT WARNING * * *
The yaktaur moves out of view.
You hear a bellow!
The yaktaur shoots a bolt.
The bolt hits you!!
You die...

##..................#####....
##......)......c(.............
##...............).............
##...............(..............
##...............................
#.........#####...#####..........
..........# #...#####..........
..........# #...#####.....
..........# #.@.#####....
#.........#####...#####....
##..........................
##..........................
##..........................
##..........................
##..................#####...
#.................#####...
##................#####...


You could see a yaktaur.

Vanquished Creatures
  A hydra (D:7)
  A centaur warrior (D:13)
  Erica (D:9)
  2 two-headed ogres
  A tengu warrior (D:12)
  2 unseen horrors
  A cyclops (D:11)
  An ugly thing (D:11)
  A deep elf mage (D:12)
  3 ice statues
  Joseph (D:7)
  A gargoyle (D:13)
  A centaur skeleton (D:12)
  A yaktaur (D:13)
  10 ice devils (IceCv)
  A tengu conjurer (D:13)
  4 trolls
  A troll (shapeshifter) (D:13)
  2 hippogriffs
  Prince Ribbit (D:7)
  7 slime creatures (D:13)
  2 dream sheep
  Sigmund (D:3)
  A shadow (D:13)
  A wyvern (D:12)
  A human (D:6)
  A hungry ghost (D:13)
  16 yaks
  3 wargs (D:9)
  A water moccasin (D:6)
  Duvessa (D:7)
  2 acid dragons
  3 hell hounds (D:13)
  10 orc warriors
  A black bear (D:6)
  5 sky beasts
  2 phantoms
  6 ice beasts
  A necrophage (D:8)
  8 ogres
  3 eyes of draining
  6 centaurs
  A crocodile (D:8)
  8 big kobolds
  2 bullfrogs
  2 gnoll sergeants (D:9)
  A wyvern skeleton (D:12)
  A scorpion (D:5)
  A water moccasin skeleton (D:7)
  Dowan (D:7)
  8 wights
  4 howler monkeys
  6 crimson imps
  3 centaur zombies
  A quasit (D:5)
  2 bullfrog zombies
  A gnoll shaman (D:8)
  4 hounds
  6 jellies
  12 orc priests
  2 iguanas
  An iron imp (D:5)
  A human skeleton (D:6)
  9 orc wizards
  8 worker ants
  3 hound zombies
  A worker ant zombie (D:9)
  14 adders
  25 gnolls
  5 shadow imps
  14 white imps
  5 ufetubi (IceCv)
  An ooze (D:3)
  An adder skeleton (D:4)
  A worm (D:3)
  8 leopard geckos
  55 orcs
  6 bats
  5 giant cockroaches
  6 goblins
  4 hobgoblins
  4 jackals
  14 kobolds
  4 quokkas
  3 ball pythons
  A ball python skeleton (D:5)
  A ball python zombie (D:5)
  A frilled lizard (D:3)
  2 goblin skeletons (D:5)
  A goblin zombie (D:5)
  3 hobgoblin zombies (D:5)
  3 kobold zombies
  An orc skeleton (D:5)
  An orc zombie (D:5)
  A quokka skeleton (D:5)
  6 rats
  A fulminant prism (D:7)
405 creatures vanquished.

Vanquished Creatures (others)
  5 white imps (IceCv)
  7 ufetubi (IceCv)
  51 fulminant prisms
  A plant (D:8)
64 creatures vanquished.

Grand Total: 469 creatures vanquished

Notes
Turn   | Place    | Note
-------+----------+-------------------------------------------
     0 | D:1      | Amnesiac the Deep Elf Arcane Marksman began the quest for the Orb.
     0 | D:1      | Reached XP level 1. HP: 11/11 MP: 5/5
   467 | D:2      | Reached XP level 2. HP: 13/16 MP: 7/7
   625 | D:2      | Learned a level 2 spell: Slow
   848 | D:2      | Reached skill level 5 in Hexes
  1008 | D:2      | Reached XP level 3. HP: 19/20 MP: 5/9
  1188 | D:2      | Found a sacrificial altar of Ru.
  1190 | D:2      | Found an ornate altar of the Wu Jian Council.
  1191 | D:2      | Found a hide-covered altar of Uskayaw.
  1191 | D:2      | Found an opulent altar of Gozag.
  1191 | D:2      | Found a glowing silver altar of Zin.
  1191 | D:2      | Found a white marble altar of Elyvilon.
  1604 | D:3      | Reached XP level 4. HP: 16/24 MP: 8/10
  1619 | D:3      | Learned a level 4 spell: Cause Fear
  1738 | D:3      | Noticed Sigmund
  2361 | D:1      | Found a snail-covered altar of Cheibriados.
  3513 | D:2      | Reached XP level 5. HP: 28/28 MP: 7/12
  3524 | D:2      | Learned a level 3 spell: Portal Projectile
  3868 | D:3      | Killed Sigmund
  3868 | D:3      | Reached XP level 6. HP: 7/33 MP: 9/15
  4290 | D:4      | Reached skill level 5 in Spellcasting
  4758 | D:4      | Reached XP level 7. HP: 37/37 MP: 12/17
  4814 | D:4      | Found a staircase to the Ecumenical Temple.
  5061 | Temple   | Entered the Ecumenical Temple
  5081 | Temple   | Became a worshipper of Warmaster Okawaru
  5109 | D:5      | Entered Level 5 of the Dungeon
  5768 | D:5      | Reached skill level 10 in Hexes
  5853 | D:5      | Reached skill level 1 in Fighting
  5891 | D:5      | Reached skill level 3 in Bows
  5891 | D:5      | Reached skill level 1 in Armour
  6004 | D:5      | Reached * piety under Okawaru
  6004 | D:5      | Reached XP level 8. HP: 12/43 MP: 16/19
  6215 | D:5      | Found a sacrificial altar of Ru.
  6376 | D:5      | Reached skill level 4 in Bows
  6432 | D:5      | Found a glowing golden altar of the Shining One.
  6743 | D:5      | Reached skill level 5 in Bows
  7252 | D:6      | Found a runed door.
  7839 | D:6      | Reached skill level 6 in Bows
  8042 | D:6      | Reached ** piety under Okawaru
  8057 | D:6      | Learned a level 4 spell: Fulminant Prism
  8268 | D:5      | Reached skill level 7 in Bows
  9013 | D:6      | Found a basalt altar of Yredelemnul.
  9020 | D:6      | Reached XP level 9. HP: 41/49 MP: 11/20
  9308 | D:7      | Reached *** piety under Okawaru
  9444 | D:7      | Noticed Joseph
  9501 | D:7      | Noticed Prince Ribbit
  9540 | D:7      | Killed Prince Ribbit
  9540 | D:7      | Reached skill level 8 in Bows
  9556 | D:7      | Killed Joseph
  9611 | D:7      | Gained mutation: You are partially covered in thin metallic scales. (AC +2) [mutagenic meat]
  9612 | D:7      | Gained mutation: Armour fits poorly on your strangely shaped body. [mutagenic meat]
  9613 | D:7      | Gained mutation: You are clumsy. (Dex -2) [mutagenic meat]
  9633 | D:7      | Lost mutation: Armour fits poorly on your strangely shaped body. [potion of mutation]
  9633 | D:7      | Lost mutation: You are clumsy. (Dex -2) [potion of mutation]
  9633 | D:7      | Gained mutation: You tend to lose your temper in combat. [potion of mutation]
  9633 | D:7      | Gained mutation: You have large cloven feet. [potion of mutation]
  9916 | D:7      | Found a shimmering altar of Xom.
 10056 | D:7      | Reached **** piety under Okawaru
 10209 | D:7      | Received a gift from Okawaru
 10440 | D:7      | Noticed an ice statue
 10782 | D:7      | Killed an ice statue
 10784 | D:7      | Noticed Dowan
 10787 | D:7      | Noticed Duvessa
 10813 | D:7      | Killed Dowan
 10890 | D:7      | Killed Duvessa
 10960 | D:7      | Got a spiked ring mail
 11128 | D:8      | Reached XP level 10. HP: 21/58 MP: 6/21
 11442 | D:8      | Reached skill level 9 in Bows
 11470 | D:8      | Found Suonuare's Antique Weapon Shoppe.
 11693 | D:7      | Reached skill level 5 in Fighting
 11693 | D:7      | Reached skill level 5 in Armour
 11693 | D:7      | Reached skill level 5 in Dodging
 11795 | D:8      | Reached skill level 1 in Invocations
 11844 | D:7      | Reached ***** piety under Okawaru
 12049 | D:8      | Noticed a three-headed hydra
 12659 | D:7      | Killed a three-headed hydra
 13006 | D:7      | Found a shimmering altar of Xom.
 13596 | D:8      | Noticed a two-headed ogre
 13704 | D:8      | Killed a two-headed ogre
 13844 | D:8      | Gained mutation: Your movements are slightly less encumbered by armour. (ER -2) [mutagenic meat]
 13845 | D:8      | Lost mutation: You tend to lose your temper in combat. [mutagenic meat]
 13914 | D:8      | Reached skill level 10 in Bows
 14153 | D:9      | Found a staircase to the Orcish Mines.
 14545 | D:9      | Learned a level 3 spell: Inner Flame
 14943 | D:9      | Received a gift from Okawaru
 14944 | D:9      | Got a crude helmet {god gift}
 14953 | D:9      | Reached XP level 11. HP: 45/64 MP: 20/22
 14991 | D:9      | Identified the +2 helmet of a volcano {+Blink} (Okawaru gifted it to you on level 9 of the Dungeon)
 15001 | D:9      | Identified the +2 ring mail of Thoughtfulness {rF- rN+ MP+9} (You took it off Duvessa on level 7 of the Dungeon)
 15056 | D:9      | Noticed Erica
 15310 | D:9      | Killed Erica
 15555 | D:9      | Found Funo Meh's Weapon Boutique.
 16156 | D:9      | Reached ****** piety under Okawaru
 16193 | D:10     | Entered Level 10 of the Dungeon
 16193 | D:10     | Found a staircase to the Lair.
 18120 | D:11     | Noticed a purple ugly thing
 18183 | D:11     | Killed a purple ugly thing
 18442 | D:11     | Found Nurr's Antique Armour Shoppe.
 18452 | D:11     | Found a frozen archway.
 18470 | IceCv    | Entered an ice cave
 18820 | IceCv    | Received a gift from Okawaru
 19088 | IceCv    | Reached skill level 11 in Bows
 19825 | IceCv    | Noticed a reaper
 20128 | D:11     | Bought a pair of glowing boots for 262 gold pieces
 20138 | D:11     | Identified a +0 pair of boots of running (You bought it in a shop on level 11 of the Dungeon)
 20146 | D:11     | Reached XP level 12. HP: 68/72 MP: 23/23
 20468 | D:12     | Received a gift from Okawaru
 20793 | D:12     | Reached skill level 5 in Invocations
 20921 | D:12     | Received a gift from Okawaru
 20924 | D:12     | Got a bloodstained shortbow {god gift}
 20925 | D:12     | Identified the +11 shortbow "Huro" {flame, rPois Int+4 Dex+4} (Okawaru gifted it to you on level 12 of the Dungeon)
 21131 | D:12     | Noticed a two-headed ogre
 21139 | D:12     | Killed a two-headed ogre
 21430 | D:13     | Reached skill level 12 in Bows
 21595 | D:13     | Found a blossoming altar of Fedhas.
 21596 | D:13     | Noticed a centaur warrior
 21603 | D:13     | Received a gift from Okawaru
 21673 | D:13     | Killed a centaur warrior
 21866 | D:13     | Noticed a tengu warrior
 22158 | D:12     | Killed a tengu warrior
 22256 | D:13     | Shot with a bolt by a yaktaur

Vault maps used:
D:1:      sevenhm_arrival_forest_fort_large_4, cheibriados_altar_1
D:2:      grunt_temple_overflow_open, first_bread, grunt_ministairs_7
D:3:      uniq_sigmund
D:4:      minmay_temple_entry_enclosed_plants
D:5:      nicolae_tso_besieged_by_evil, nicolae_ru_path_of_blood
D:6:      dk_yredelemnul_ordeal
D:7:      lemuel_ice_statue, old_standard_altar, uniq_duvessa,
          uniq_prince_ribbit1, uniq_joseph
D:8:      serial_shops, nicolae_shop_overgrown_old_shop, hangedman_ranch,
          kennysheep_cross_room
D:9:      kennysheep_orc_monster_closet_entryway, serial_shops, shop, uniq_erica
D:10:     erik_lair_orcish_takeover
D:11:     portal_ice_cave_entry_imps, serial_column_ruins,
          column_ruins_open_large, column_ruins_columns_straight,
          column_ruins_grid_1, column_ruins_grid_1, column_ruins_columns_corner,
          serial_shops, shop, minmay_misc_feat_plants
D:13:     minmay_ruined_shrine, uniq_azrael
Temple:   eino_temple_lava
IceCv:    ice_cave_small_demon

Skill      XL: |  1  2  3  4  5  6  7  8  9 10 11 12 |
---------------+-------------------------------------+-----
Spellcasting   | 2 3 4 5 6 |  6.0
Hexes          | 5 6 7 9 10 | 10.0
Fighting       | 1 2 4 6 7 8 |  8.8
Bows           | 3 7 8 10 11 12 | 12.5
Armour         | 1 2 4 6 7 8 |  8.7
Dodging        | 4 6 7 8 |  8.6
Invocations    | 3 4 6 |  6.2

Action                   |  1- 3 |  4- 6 |  7- 9 | 10-12 || total
-------------------------+-------+-------+-------+-------++-------
Melee: Hand axe          |       |    14 |       |       ||    14
       Dagger            |       |       |   121 |   708 ||   829
       Unarmed           |       |       |     7 |       ||     7
       Shortbow          |       |       |       |     1 ||     1
 Fire: Shortbow          |    72 |   109 |   310 |   497 ||   988
       Hunting sling     |       |    74 |   200 |       ||   274
       Blowgun           |       |       |    15 |       ||    15
       Longbow           |       |       |       |   155 ||   155
Throw: Stone             |       |    13 |     1 |     1 ||    15
 Cast: Corona            |    25 |    55 |    83 |    59 ||   222
       Slow              |    10 |    18 |    32 |    89 ||   149
       Cause Fear        |       |       |    31 |    28 ||    59
       Fulminant Prism   |       |       |    26 |    26 ||    52
       Inner Flame       |       |       |       |     5 ||     5
Invok: Heroism           |       |       |       |     3 ||     3
       Finesse           |       |       |       |     3 ||     3
 Abil: Evoke Blink       |       |       |       |     2 ||     2
  Use: Scroll            |       |       |    11 |    14 ||    25
       Potion            |       |       |    11 |     3 ||    14
 Stab: Invisible         |       |       |       |     1 ||     1
  Eat: Chunk             |     3 |    10 |    25 |    19 ||    57
       Fruit             |       |       |     3 |    15 ||    18
       Royal jelly       |       |       |     2 |     7 ||     9
Armor: Robe              |     4 |    12 |       |       ||    16
       Ring mail         |       |    28 |   228 |   213 ||   469
       Skin              |       |       |    55 |       ||    55
       Scale mail        |       |       |       |   251 ||   251
Dodge: Dodged            |    24 |    99 |   280 |   643 ||  1046

Table legend:
 A = Spawn XP
 B = Non-spawn XP
 C = Spawn XP percentage of total XP
 D = Spawn monster count
 E = Non-spawn monster count
 F = Spawn count percentage of total count
 G = Total turns spent on level
                    A         B        C        D         E        F      G
               +---------+---------+-------+---------+---------+-------+---------
         Total |       0 |   37460 |   0.0 |       0 |     404 |   0.0 | 22256
               +---------+---------+-------+---------+---------+-------+---------
           D:1 |       0 |      30 |   0.0 |       0 |      17 |   0.0 |  1154
           D:2 |       0 |     108 |   0.0 |       0 |      15 |   0.0 |  1766
           D:3 |       0 |     288 |   0.0 |       0 |      21 |   0.0 |  1056
           D:4 |       0 |     467 |   0.0 |       0 |      16 |   0.0 |  1508
           D:5 |       0 |    1026 |   0.0 |       0 |      39 |   0.0 |  2219
           D:6 |       0 |    1433 |   0.0 |       0 |      30 |   0.0 |  1566
           D:7 |       0 |    3528 |   0.0 |       0 |      26 |   0.0 |  3165
           D:8 |       0 |    3076 |   0.0 |       0 |      32 |   0.0 |  2072
           D:9 |       0 |    4490 |   0.0 |       0 |      57 |   0.0 |  2724
          D:10 |       0 |     594 |   0.0 |       0 |      13 |   0.0 |   528
          D:11 |       0 |    2869 |   0.0 |       0 |      37 |   0.0 |  1047
          D:12 |       0 |    7758 |   0.0 |       0 |      44 |   0.0 |  1300
          D:13 |       0 |    7472 |   0.0 |       0 |      38 |   0.0 |   505
         IceCv |       0 |    4321 |   0.0 |       0 |      19 |   0.0 |  1616
               +---------+---------+-------+---------+---------+-------+---------
